 Dungeon Crawl Stone Soup version 0.29-a0-845-g6161e89988 (webtiles) character file.

Game seed: 12553238877515097216

63 omnesmortales the Shooter (level 3, -1/30 HPs)
             Began as a Minotaur Hunter on July 16, 2022.
             Slain by a gnoll
             ... wielding a +0 spear
              (3 damage)
             ... on level 3 of the Dungeon.
             The game lasted 00:13:44 (1468 turns).

omnesmortales the Shooter (Minotaur Hunter)         Turns: 1468, Time: 00:13:45

Health: -1/30      AC:  4    Str: 18    XL:     3   Next: 89%
Magic:  2/2        EV: 12    Int:  6    God:
Gold:   97         SH:  0    Dex: 18    Spells: 2/2 levels left

rFire   . . .      SeeInvis .   a - +0 shortbow
rCold   . . .      Faith    .   (shield currently unavailable)
rNeg    . . .      Spirit   .   c - +0 leather armour
rPois   .          Reflect  .   (helmet restricted)
rElec   .          Harm     .   p - +0 cloak of the Crypt {+Inv Str+3 Dex+3}
rCorr   .          Rampage  .   (no gloves)
Will    .....                   (no boots)
Stlth   ++........              (no amulet)
HPRegen 0.10/turn               (no ring)
MPRegen 0.08/turn               (no ring)

@: no status effects
A: horns 2, retaliatory headbutt
a: Evoke Invisibility


You were on level 3 of the Dungeon.
You visited 1 branch of the dungeon, and saw 3 of its levels.

You collected 97 gold pieces.

Inventory:

Hand Weapons
 a - a +0 shortbow (weapon)
 n - a +0 club
Armour
 c - a +0 leather armour (worn)
 h - a +0 kite shield
 p - the +0 cloak of the Crypt (worn) {+Inv Str+3 Dex+3}
   (You found it on level 2 of the Dungeon)

   Str:       It affects your strength (+3).
   Dex:       It affects your dexterity (+3).
   +Inv:      It lets you turn invisible.
Wands
 s - a wand of paralysis (9)
Scrolls
 b - 2 scrolls of immolation
 f - a scroll of brand weapon {unknown}
 g - a scroll of poison {unknown}
 j - a scroll of vulnerability {unknown}
 k - 3 scrolls of enchant armour {unknown}
 l - a scroll of fear {unknown}
 m - a scroll of teleportation {unknown}
 o - 3 scrolls of identify {unknown}
Potions
 d - a potion of might {unknown}
 e - a potion of mutation {unknown}
 i - 3 potions of curing {unknown}
 q - a potion of haste {unknown}
 r - a potion of lignification {unknown}


   Skills:
 + Level 2.7 Fighting
 + Level 5.7 Ranged Weapons
 + Level 1.0 Armour
 + Level 2.3 Dodging
 + Level 0.7 Stealth


You had 2 spell levels left.
You didn't know any spells.
Your spell library was empty.

Dungeon Overview and Level Annotations

Branches:
Dungeon (3/15)

Altars:


Innate Abilities, Weirdness & Mutations

You have a pair of horns on your head.
You reflexively headbutt those who attack you in melee.


Message History

A gnoll comes into view. It is wielding a +0 halberd.
A gnoll comes into view. It is wielding a +0 whip.
Fire: a) +0 shortbow
Press: ? - help, Q - select action, (/) - cycle Shift-Dir - straight line, f - gnoll
Aim: a gnoll, wielding a +0 spear (68% to hit)
You shoot an arrow. The gnoll shouts!
The gnoll shouts!
The arrow hits the gnoll but does no damage.
An endoplasm comes into view.
Fire: a) +0 shortbow
Press: ? - help, Q - select action, (/) - cycle Shift-Dir - straight line, f/p - gnoll
Aim: a gnoll, wielding a +0 spear (68% to hit)
You shoot an arrow. The arrow closely misses the gnoll.
Fire: a) +0 shortbow
Press: ? - help, Q - select action, (/) - cycle Shift-Dir - straight line, f/p - gnoll
Aim: a gnoll, wielding a +0 spear (68% to hit)
You shoot an arrow. The arrow hits the gnoll.
The gnoll is lightly wounded.
The gnoll hits you but does no damage.
The gnoll hits you from afar with a +0 spear.
Fire: a) +0 shortbow
Press: ? - help, Q - select action, (/) - cycle Shift-Dir - straight line, f/p - gnoll
Aim: a gnoll, wielding a +0 spear (lightly wounded, 68% to hit)
You shoot an arrow. The endoplasm quivers.
The arrow hits the gnoll but does no damage.
The gnoll is lightly wounded.
The gnoll hits you from afar with a +0 halberd.
The gnoll hits you from afar with a +0 spear.
Fire: a) +0 shortbow
Press: ? - help, Q - select action, (/) - cycle Shift-Dir - straight line, f/p - gnoll
Aim: a gnoll, wielding a +0 spear (lightly wounded, 68% to hit)
You shoot an arrow. The arrow hits the gnoll!
The gnoll is severely wounded.
The gnoll hits you from afar with a +0 halberd!
Ouch! That really hurt!
* * * LOW HITPOINT WARNING * * *
The gnoll hits you from afar with a +0 spear.
You die...

...............##
......>.......## #
............# .. #.
##..........#
..##.###........<..###
.....................#
.....#...............#
.....#...............#
........@............#
....#................#
.....#.gg............#
........g..........#.#
.......#J..<......##.#
...[.#.#.#...###### .#
.........#.#.#
.####.........# ##. ..
..<#


You could see 3 gnolls and an endoplasm.

Vanquished Creatures
  An adder (D:2)
  9 ball pythons
  8 endoplasms
  6 hobgoblins
  4 jackals (D:2)
  A quokka (D:1)
  5 bats
  5 frilled lizards
  2 goblins
  6 kobolds
  3 rats
50 creatures vanquished.

Notes
Turn   | Place    | Note
-------+----------+-------------------------------------------
     0 | D:1      | omnesmortales the Minotaur Hunter began the quest for the
                  | Orb.
     0 | D:1      | Reached XP level 1. HP: 18/18 MP: 0/0
   269 | D:1      | Reached XP level 2. HP: 24/25 MP: 1/1
   328 | D:1      | Reached skill level 5 in Ranged Weapons
  1006 | D:2      | Reached XP level 3. HP: 27/30 MP: 2/2
  1032 | D:2      | Identified the +0 cloak of the Crypt {+Inv Str+3 Dex+3}
  1057 | D:2      | Reached skill level 1 in Armour
  1103 | D:2      | Found a faded altar of an unknown god.
  1468 | D:3      | Slain by a gnoll

Illustrated notes

Levels and vault maps discovered:
D:1:      sevenhm_arrival_forest_fort_large_3, layout_basic
D:2:      layout_rooms, ebering_ecumenical_altar_rust
D:3:      layout_rooms, nicolae_kikubaaqudgha_miasma_corner,
          gammafunk_ghost_nasty_kobolds, uniq_robin

Skill      XL: |  1  2  3 |
---------------+----------+-----
Ranged Weapons | 5 |  5.7
Armour         | 1 |  1.0
Fighting       | |  2.7
Dodging        | |  2.3
Stealth        | |  0.7

Action                   || total
-------------------------++-------
 Fire: Shortbow          ||   125
Armor: Leather armour    ||     9
Dodge: Dodged            ||    49

Table legend: (Time is in decaauts)
 A = Elapsed time spent in this place.
 B = Non-inter-level travel time spent in this place.
 C = Inter-level travel time spent in this place.
 D = Time resting spent in this place.
 E = Time spent auto-exploring this place.
 F = Levels seen in this place.
 G = Mean time per level.
                   A        B        C        D        E       F      G
               +--------+--------+--------+--------+--------+-----+--------+
         Total |   1500 |   1496 |      4 |    118 |    582 |   3 |  500.0 |
       Dungeon |   1500 |   1496 |      4 |    118 |    582 |   3 |  500.0 |
               +--------+--------+--------+--------+--------+-----+--------+

Top non-repeatable levels by time:
     D:1: 984 daAuts
     D:2: 447 daAuts
     D:3: 69 daAuts
